 Dungeon Crawl Stone Soup version 0.29.1-1-gd02db6906a (webtiles) character file.

Game seed: 18180538150447603444

218 Godmorgon the Magician (level 6, -12/45 HPs)
             Began as a Djinni Ice Elementalist on Oct 2, 2022.
             Mangled by an orc warrior
             ... wielding a +0 vorpal long sword
              (13 damage)
             ... on level 4 of the Dungeon.
             The game lasted 00:23:28 (4465 turns).

Godmorgon the Magician (Djinni Ice Elementalist)    Turns: 4465, Time: 00:23:29

Health: -12/45     AC:  9    Str:  7    XL:     6   Next: 17%
Gold:   370        EV: 11    Int: 18    God:
                   SH:  0    Dex: 14

rFire   + + .      SeeInvis .   a - +1 dagger (venom)
rCold   x . .      Faith    .   l - orb {light}
rNeg    . . .      Spirit   .   k - +0 leather armour
rPois   ∞          Reflect  .   (no helmet)
rElec   .          Harm     .   o - +0 cloak
rCorr   .          Rampage  .   r - +0 pair of gloves
Will    +....                   (boots unavailable)
Stlth   +.........              (no amulet)
HPRegen 0.15/turn               f - ring of wizardry
MPRegen 0.00/turn               g - ring of willpower

@: ice-armoured, flying, glowing
A: sickness immunity, fire resistance 2, cold vulnerability 1, float, innate
caster, HP casting, extra vitality 1
a: no special abilities


You were on level 4 of the Dungeon.
You visited 1 branch of the dungeon, and saw 4 of its levels.

You collected 370 gold pieces.

Inventory:

Hand Weapons
 a - a +1 dagger of venom (weapon)
 t - a +0 long sword of holy wrath
Missiles
 c - 3 stones
 p - 3 poisoned darts
 v - 2 boomerangs
Armour
 k - a +0 leather armour (worn)
 l - an orb of light (worn)
 o - a +0 cloak (worn)
 r - a +0 pair of gloves (worn)
Jewellery
 f - a ring of wizardry (left hand)
 g - a ring of willpower (right hand)
Wands
 y - a wand of light (4)
Scrolls
 b - 3 scrolls of teleportation
 e - 2 scrolls of magic mapping {unknown}
 j - 3 scrolls of identify {unknown}
 m - a scroll of fear {unknown}
 u - a scroll of summoning {unknown}
 w - a scroll of enchant armour {unknown}
Potions
 d - a potion of degeneration {unknown}
 h - a potion of ambrosia {unknown}
 i - a potion of haste {unknown}
 n - a potion of heal wounds {unknown}
 q - a potion of lignification {unknown}
 s - a potion of invisibility {unknown}
 x - 2 potions of magic {unknown}


   Skills:
 + Level 2.6 Fighting
 + Level 0.5 Long Blades
 * Level 1.7 Armour
 - Level 2.1 Dodging
 - Level 1.5 Stealth
 * Level 4.6 Spellcasting


You couldn't memorise any spells.
You knew the following spells:

 Your Spells              Type           Power      Damage    Failure   Level
a - Ozocubu's Armour      Ice            20%        N/A       3%          3
f - Freeze                Ice            80%        1d9       1%          1
h - Hailstorm             Conj/Ice       20%        3d6       12%         4
p - Poisonous Vapours     Pois/Air       40%        N/A       1%          2
r - Frozen Ramparts       Ice            40%        1d7       3%          3
s - Shock                 Conj/Air       80%        1d8       1%          1
Your spell library was empty.

Dungeon Overview and Level Annotations

Branches:
Dungeon (4/15)
 Temple: D:4-7

Altars:

Annotations:
D:3 2 transporters, Godmorgon's ghost, amateur DjIE


Innate Abilities, Weirdness & Mutations

You are immune to sickness and miasma.
You are immune to poison.
Your flesh is very heat resistant. (rF++)
You are vulnerable to cold. (rC-)
You float through the air rather than walking.
You learn spells naturally, not from books.
Your magical power is your life essence.
You have superior vitality. (+4 MHP)


Message History

The orc warrior closely misses you.
Casting: Shock (safe; 1% risk of failure)
Confirm with . or Enter, or press ? or * to list all spells.
Aiming: Shock (safe; 1% risk of failure)
Press: ? - help, Shift-Dir - straight line The zap hits the orc warrior.
The orc warrior is almost dead.
The wall freezes the orc warrior but does no damage.
The orc warrior hits you with a +0 vorpal long sword.
* * * LOW HITPOINT WARNING * * *
x2
Casting: Shock (safe; 1% risk of failure)
Confirm with . or Enter, or press ? or * to list all spells.
Aiming: Shock (safe; 1% risk of failure)
Press: ? - help, Shift-Dir - straight line The zap misses the orc warrior.
* * * LOW HITPOINT WARNING * * *
The wall freezes the orc warrior but does no damage.
The orc warrior barely misses you.
Casting: Shock (safe; 1% risk of failure)
Confirm with . or Enter, or press ? or * to list all spells.
Aiming: Shock (safe; 1% risk of failure)
Press: ? - help, Shift-Dir - straight line The zap hits the orc warrior but does no damage.
The orc warrior is almost dead.
* * * LOW HITPOINT WARNING * * *
The frozen ramparts melt away.
The orc warrior hits you with a +0 vorpal long sword.
* * * LOW HITPOINT WARNING * * *
x2
Casting: Shock (safe; 1% risk of failure)
Confirm with . or Enter, or press ? or * to list all spells.
Aiming: Shock (safe; 1% risk of failure)
Press: ? - help, Shift-Dir - straight line The zap hits the orc warrior.
The orc warrior is almost dead.
* * * LOW HITPOINT WARNING * * *
The orc warrior barely misses you.
You closely miss the orc warrior.
The orc warrior is almost dead.
The orc warrior hits you with a +0 vorpal long sword!
You die...

...#(.# #............# #.#
.###.<# #####..#.##.## #.# .#
#..# ##...#.## ####.# .###..#
#...### #.....
......##########...## #.....
......[......##...##### #.....
.###...<....##...##._.######..(#.
.# #.......##..o###.:.#........##
## #.#...###...#@#...#######..##.
###..###.#.).###...## #..#.#
#....# #.# ##...## #####.
##.#..###.# ##...## ##
)....#...## ##...## ##.
##.####.## #...## #.# ##.#
#.#####)..# ##. ...# #........##
## #### ########## ##.


You could see an orc warrior.

Vanquished Creatures
  Crazy Yiuf (D:2)
  An iguana (D:4)
  An orc wizard (D:4)
  2 adders
  A gnoll (D:1)
  5 worms (D:2)
  4 dart slugs
  4 orcs (D:4)
  8 ball pythons
  7 bats
  7 endoplasms
  2 giant cockroaches
  6 goblins
  6 hobgoblins
  8 jackals
  A quokka (D:2)
  3 frilled lizards
  6 kobolds
  12 rats
85 creatures vanquished.

Vanquished Creatures (others)
  11 fungi (D:2)
  3 toadstools (D:2)
14 creatures vanquished.

Grand Total: 99 creatures vanquished

Notes
Turn   | Place    | Note
-------+----------+-------------------------------------------
     0 | D:1      | Godmorgon the Djinni Ice Elementalist began the quest for
                  | the Orb.
     0 | D:1      | Godmorgon set off with the following spells memorised:
                  | Freeze, Frozen Ramparts, Ozocubu's Armour, Hailstorm.
     0 | D:1      | Reached XP level 1. HP: 15/15 MP: 0/0
   269 | D:1      | Reached XP level 2. HP: 19/22 MP: 0/0
   658 | D:1      | Reached skill level 1 in Fighting
   796 | D:1      | Reached XP level 3. HP: 27/27 MP: 0/0
   796 | D:1      | Learned a level 1 spell: Shock
  1301 | D:1      | Reached XP level 4. HP: 24/32 MP: 0/0
  1302 | D:1      | Reached skill level 4 in Spellcasting
  2233 | D:2      | Reached XP level 5. HP: 35/38 MP: 0/0
  2233 | D:2      | Learned a level 2 spell: Poisonous Vapours
  2266 | D:2      | Found a runed translucent door.
  2267 | D:2      | Noticed Crazy Yiuf
  2274 | D:2      | Killed Crazy Yiuf
  2275 | D:2      | Reached skill level 1 in Armour
  2652 | D:2      | Found a faded altar of an unknown god.
  2682 | D:3      | Found a transporter.
  2682 | D:3      | Noticed Godmorgon's ghost (amateur DjIE)
  3055 | D:3      | Found a transporter.
  3063 | D:3      | Noticed an ogre
  3533 | D:4      | Noticed an orc warrior
  3877 | D:4      | Reached XP level 6. HP: 42/45 MP: 0/0
  4463 | D:4      | HP: 2/45 [orc warrior/+0 vorpal long sword (1)]
  4465 | D:4      | Mangled by an orc warrior

Illustrated notes

Levels and vault maps discovered:
D:1:      dpeg_arrival_connections, layout_basic
D:2:      layout_basic, basic_ecumenical_altar, minmay_gold_behind_fungi,
          uniq_crazy_yiuf_cottage
D:3:      layout_rooms, gammafunk_ghost_arena
D:4:      layout_loops_ring, nzn_overflow_gifts_of_might_and_magic,
          grunt_decor_resistance

Skill      XL: |  1  2  3  4  5 |
---------------+----------------+-----
Fighting       | 1 2 |  2.6
Spellcasting   | 4 |  4.6
Armour         | 1 |  1.7
Long Blades    | |  0.5
Dodging        | |  2.1
Stealth        | |  1.5

Action                   |  1- 3 |  4- 6 || total
-------------------------+-------+-------++-------
Melee: Dagger            |    43 |    82 ||   125
 Cast: Freeze            |    22 |     1 ||    23
       Shock             |     3 |    32 ||    35
       Frozen Ramparts   |     3 |    19 ||    22
       Ozocubu's Armour  |     1 |     4 ||     5
  Use: Scroll            |       |     1 ||     1
 Stab: Sleeping          |     5 |     1 ||     6
Armor: Robe              |     7 |     1 ||     8
       Leather armour    |       |    19 ||    19
Dodge: Dodged            |    36 |    43 ||    79
